 Dungeon Crawl Stone Soup version 0.31-a0-174-g85c54bcb58 (webtiles) character file.

Game seed: 4036321554476287439

2513 Shayle the Covert (level 9, 0/55 HPs)
             Began as a Tengu Brigand on June 15, 2023.
             Was a Follower of Ashenzari.
             Succumbed to a killer bee's poison
             ... on level 7 of the Dungeon.
             The game lasted 00:21:21 (5689 turns).

Shayle the Covert (Tengu Brigand)                   Turns: 5689, Time: 00:21:21

Health: 0/55       AC:  3    Str: 11    XL:     9   Next: 53%
Magic:  10/10      EV: 15    Int: 16    God:    Ashenzari [*.....]
Gold:   328        SH:  0    Dex: 16    Spells: 8/8 levels left

rFire   + . .        a - +2 dagger (elec)
rCold   + . .        (no shield)
rNeg    . . .        b - +0 robe
rPois   .            (helmet restricted)
rElec   .            c - +0 cloak
rCorr   .            (no gloves)
SInv    .            (boots unavailable)
Will    .....        (no amulet)
Stlth   +++++        m - ring of the Fated Gnosis {rC+, Evo, Range} (curse)
HPRegen 0.29/turn    v - ring "Share My Vision" {rF+, Cun, Fort} (curse)
MPRegen 0.12/turn

%: no passive effects
@: lethally poisoned (0 -> 0), flying quickly and evasively, quick
A: beak, talons 3, nimble flight
a: Renounce Religion, Shatter the Chains


You were on level 7 of the Dungeon.
You worshipped Ashenzari.
Ashenzari was aware of your devotion.
You visited 2 branches of the dungeon, and saw 8 of its levels.

You collected 328 gold pieces.

Inventory:

Hand Weapons
 a - a +2 dagger of electrocution (weapon)
 h - a +3 war axe
 r - a +2 flail of protection
 x - a +1 whip of freezing
Missiles
 d - 12 poisoned darts (quivered)
 e - 2 curare-tipped darts
Armour
 b - a +0 robe (worn)
 c - a +0 cloak (worn)
Jewellery
 f - a ring of ice
 m - the cursed ring of the Fated Gnosis (left hand) {rC+, Evo, Range}
   (You took it off a hobgoblin on level 2 of the Dungeon)

   [ring of protection from cold]

   rC:        It protects you from cold.
   It has a curse which improves the following skills: Evocations: Evocations.
   Ranged Combat: Ranged Weapons and Throwing.
 v - the cursed ring "Share My Vision" (right hand) {rF+, Cun, Fort}
   (You found it on level 5 of the Dungeon)

   [ring of protection from fire]

   rF:        It protects you from fire.
   It has a curse which improves the following skills: Cunning: Dodging and
   Stealth.
   Fortitude: Armour and Shields.
 w - a ring of willpower
 y - a ring of fire
Wands
 s - a wand of polymorph (7)
Scrolls
 j - 2 scrolls of teleportation
 o - a scroll of brand weapon
 p - a scroll of amnesia
Potions
 g - 2 potions of degeneration
 k - a potion of might
 l - 2 potions of brilliance
 z - 3 potions of resistance


   Skills:
 - Level 6.0 Fighting
 - Level 6.6 Short Blades
 + Level 3.7(4.4) Throwing
 + Level 2.1(2.8) Armour
 + Level 2.5(3.2) Dodging
 + Level 9.5(10.3) Stealth
 + Level 3.0(3.6) Evocations


You had 8 spell levels left.
You didn't know any spells.
Your spell library contained the following spells:

 Spells                   Type           Power      Damage    Failure   Level
 Sublimation of Blood     Necr           0%         N/A       36%         2
 Wereblood                Tmut           0%         N/A       36%         2
 Gell's Gravitas          Tloc           0%         N/A       58%         3
 Ignite Poison            Fire/Tmut/Pois 0%         N/A       58%         3
 Teleport Other           Tloc           0%         N/A       58%         3
 Sticky Flame             Conj/Fire      0%         2d3       94%         4
 Dispersal                Tloc           0%         N/A       100%        6
 Summon Hydra             Summ           0%         N/A       100%        7
 Ignition                 Fire           0%         3d3       100%        8


Dungeon Overview and Level Annotations

Branches:
Dungeon (7/15)             Temple (1/1) D:4

Altars:
Ashenzari
Cheibriados
Fedhas
Gozag
Hepliaklqana
Okawaru
Qazlal
Sif Muna
Trog
Uskayaw
Wu Jian
Zin

Shops:
D:6 *

Annotations:
D:5 1 runed translucent door, Crazy Yiuf
D:7 Joseph


Innate Abilities, Weirdness & Mutations

You have a beak for a mouth.
You have claws for feet.
Your magical nature lets you fly swiftly and evasively.


Message History

The sling bullet hits you!
The killer bee buzzes angrily.
You hear an angry buzzing noise.
The sky beast completely misses you.
Okay, then.
As you read the scroll of teleportation, it crumbles to dust.
You feel strangely unstable. The sky beast hits you. The sky beast shocks you.
You hit the sky beast. Your kick misses the sky beast.
The sky beast is lightly wounded.
The sky beast hits you. The sky beast shocks you.
The killer bee closely misses you.
You closely miss the killer bee. Your kick misses the killer bee.
The killer bee stings you.
You are poisoned.
The killer bee poisons you!
You hit the killer bee.
The killer bee is moderately wounded.
Your surroundings suddenly seem different. 4 killer bees, a steam dragon and an orc come into view.
Found a +0 cloak.
You feel sick.
The killer bee moves out of view.
As you read the scroll of teleportation, it crumbles to dust.
You feel strangely unstable.
You feel sick. The steam dragon bites you.
* * * LOW HITPOINT WARNING * * *
The steam dragon claws you.
* * * LOW HITPOINT WARNING * * *
Okay, then.
Found 3 gold pieces.
You feel sick.
The killer bee buzzes angrily.
The orc shouts!
You hear a howl!
You feel sick.
The sky beast flickers out of sight!
Deactivating autopickup; reactivate with Ctrl-A.
You feel sick. The killer bee barely misses you.
Your surroundings suddenly seem different.
A killer bee comes into view.
You feel sick.
Joseph shoots a sling bullet.
The sling bullet barely misses you.
The killer bee buzzes angrily.
You feel sick.
The killer bee buzzes angrily.
Joseph shoots a sling bullet.
The sling bullet hits you.
* * * LOW HITPOINT WARNING * * *
You die...

...........# ...#
........... . ...#
#.........##.. #..#
##............# #...
#..........#..# ..
#..........##Y####.#
#...................
#.......@....###...
#.@.....#.....###..
###..#..#....<# #..
##...............
#..........###..
#...y............
##...........##..
#............##.
.y.#.........##.
..............#


You could see Joseph and a killer bee.

Vanquished Creatures
  Pikel (D:4)
  A hornet (D:6)
  Sigmund (D:5)
  A human (D:6)
  Duvessa (D:6)
  A sky beast (D:6)
  A black bear (D:5)
  3 ogres
  An orc warrior (D:6)
  A lemure (D:4)
  A bullfrog (D:6)
  3 scorpions
  3 killer bees (D:6)
  2 orc priests
  A jelly (D:5)
  Ijyb (D:4)
  2 iguanas (D:6)
  Natasha (thrice) (D:4)
  3 orc wizards
  10 adders
  3 gnolls (D:5)
  A shadow imp (D:5)
  An ufetubus (D:4)
  A worm (D:3)
  5 dart slugs
  17 orcs
  5 bats
  2 endoplasms
  3 giant cockroaches
  6 goblins
  9 hobgoblins
  4 jackals (D:1)
  5 kobolds
  5 quokkas
  7 ball pythons
  5 frilled lizards
  7 rats
127 creatures vanquished.

Notes
Turn   | Place    | Note
-------+----------+-------------------------------------------
     0 | D:1      | Shayle the Tengu Brigand began the quest for the Orb.
     0 | D:1      | Reached XP level 1. HP: 12/12 MP: 2/2
    66 | D:1      | Reached XP level 2. HP: 6/17 MP: 3/3
   510 | D:1      | Reached XP level 3. HP: 19/22 MP: 4/4
   512 | D:1      | Found a faded altar of an unknown god.
   964 | D:2      | Reached XP level 4. HP: 24/27 MP: 5/5
  1010 | D:2      | Reached skill level 5 in Stealth
  1405 | D:3      | Noticed an ogre
  1421 | D:3      | Killed an ogre
  1422 | D:3      | Gained mutation: Your magical nature lets you fly swiftly
                  | and evasively. [Tengu growth]
  1422 | D:3      | Reached XP level 5. HP: 32/32 MP: 6/6
  1813 | D:4      | Reached skill level 6 in Stealth
  1898 | D:4      | Reached XP level 6. HP: 33/37 MP: 7/7
  2073 | D:4      | Noticed Ijyb
  2078 | D:4      | Killed Ijyb
  2097 | D:4      | Found a shimmering blue altar of Sif Muna.
  2097 | D:4      | Found a broken altar of Ashenzari.
  2099 | D:4      | Found a blossoming altar of Fedhas.
  2099 | D:4      | Found a hazy altar of Hepliaklqana.
  2105 | D:4      | Became a worshipper of Ashenzari the Shackled
  2121 | D:4      | Noticed Natasha
  2130 | D:4      | Killed Natasha
  2351 | D:4      | Found a staircase to the Ecumenical Temple.
  2359 | Temple   | Entered the Ecumenical Temple
  2537 | D:5      | Entered Level 5 of the Dungeon
  2558 | D:5      | Noticed Sigmund
  2615 | D:4      | Noticed Natasha
  2666 | D:4      | Killed Natasha
  2720 | D:4      | Noticed Natasha
  2779 | D:5      | Killed Sigmund
  2780 | D:5      | Reached XP level 7. HP: 43/43 MP: 8/8
  2818 | D:4      | Killed Natasha
  2842 | D:5      | Reached skill level 7 in Stealth
  3009 | D:5      | Reached skill level 5 in Short Blades
  3166 | D:5      | Noticed Pikel
  3363 | D:4      | Reached XP level 8. HP: 45/48 MP: 9/9
  3382 | D:3      | Reached skill level 8 in Stealth
  3969 | D:4      | Killed Pikel
  3970 | D:4      | Reached skill level 5 in Fighting
  3970 | D:4      | Reached skill level 9 in Stealth
  4254 | D:5      | Found a runed translucent door.
  4255 | D:5      | Noticed Crazy Yiuf
  4424 | D:5      | Found a stormy altar of Qazlal.
  4547 | D:6      | Found a bloodstained altar of Trog.
  4604 | D:6      | Noticed Duvessa
  4625 | D:6      | Killed Duvessa
  4631 | D:6      | Noticed Dowan
  4633 | D:6      | Dowan changed into Dowan the hobgoblin
  4633 | D:6      | Noticed Dowan
  4643 | D:6      | Killed Dowan the hobgoblin
  4686 | D:6      | Noticed a hornet
  4704 | D:6      | Noticed a +0 short sword
  4704 | D:6      | Noticed a +0 dagger
  4706 | D:6      | Noticed a +0 spear
  4706 | D:6      | Noticed a +0 falchion
  4742 | D:6      | Found an ornate altar of the Wu Jian Council.
  4761 | D:6      | Killed a hornet
  4762 | D:6      | Reached skill level 1 in Evocations
  4762 | D:6      | Reached XP level 9. HP: 51/55 MP: 10/10
  4851 | D:6      | Noticed a +0 short sword
  4852 | D:6      | Found an opulent altar of Gozag.
  4857 | D:6      | Noticed a +0 spear
  4872 | D:6      | Reached * piety under Ashenzari
  4873 | D:6      | Noticed a +0 falchion
  4874 | D:6      | Noticed a +0 dagger
  4952 | D:6      | Found a hide-covered altar of Uskayaw.
  5033 | D:6      | Reached skill level 1 in Armour
  5202 | D:6      | Found Zin's Purification Station.
  5206 | D:6      | Found a glowing silver altar of Zin.
  5494 | D:7      | Noticed Joseph
  5688 | D:7      | HP: 1/55 [Joseph/sling bullet (6)]
  5689 | D:7      | Succumbed to a killer bee's poison

Illustrated notes

Levels and vault maps discovered:
D:1:      matt_arrival_spirals, layout_basic, basic_ecumenical_altar,
          minmay_tromino_mix6
D:2:      layout_rooms
D:3:      layout_basic, hangedman_decor_growths
D:4:      layout_basic, mainiacjoe_overflow_alcove_3, temple_statues,
          grunt_ministairs_5, grunt_decor_junction, uniq_natasha, uniq_ijyb
D:5:      layout_basic, nicolae_qazlal_eye_of_the_storm,
          uniq_crazy_yiuf_cottage, uniq_sigmund, uniq_pikel
D:6:      layout_cave_pools, kennysheep_little_box, trog_butcher_becter,
          zin_purify, nicolae_uskayaw_en_pointe, mainiacjoe_overflow_alcove_1,
          uniq_duvessa
D:7:      layout_cave_pools, nrook_pool_corridor, uniq_joseph
Temple:   nicolae_temple_two_arcs

Skill      XL: |  1  2  3  4  5  6  7  8  9 |
---------------+----------------------------+-----
Stealth        | 5 6 7 9 |  9.5
Short Blades   | 3 4 5 6 |  6.6
Fighting       | 3 4 5 6 |  6.0
Evocations     | 1 3 |  3.0
Throwing       | 3 |  3.7
Armour         | 2 |  2.1
Dodging        | 2 |  2.5

Action                     |  1- 3 |  4- 6 |  7- 9 || total
---------------------------+-------+-------+-------++-------
  Melee: Dagger            |    95 |    55 |   157 ||   307
         Peck              |    15 |    11 |    33 ||    59
         Kick              |    23 |    21 |    52 ||    96
         Punch             |     2 |     1 |     3 ||     6
         Flail             |       |    25 |       ||    25
  Throw: Dart              |     2 |     3 |    12 ||    17
 Invoke: Curse Item        |       |       |     2 ||     2
  Evoke: Wand              |       |       |     4 ||     4
    Use: Scroll            |       |     4 |     8 ||    12
         Potion            |       |       |     4 ||     4
   Stab: Sleeping          |     7 |    13 |    14 ||    34
 Armour: Robe              |    19 |    12 |    16 ||    47
  Dodge: Dodged            |    52 |    32 |    96 ||   180

Table legend: (Time is in decaauts)
 A = Elapsed time spent in this place.
 B = Non-inter-level travel time spent in this place.
 C = Inter-level travel time spent in this place.
 D = Time resting spent in this place.
 E = Time spent auto-exploring this place.
 F = Levels seen in this place.
 G = Mean time per level.
                   A        B        C        D        E       F      G
               +--------+--------+--------+--------+--------+-----+--------+
         Total |   5364 |   5140 |    224 |   1137 |   2546 |   8 |  670.5 |
       Dungeon |   5362 |   5138 |    224 |   1137 |   2546 |   7 |  766.0 |
        Temple |      1 |      1 |      0 |      0 |      0 |   1 |    1.0 |
               +--------+--------+--------+--------+--------+-----+--------+

Top non-repeatable levels by time:
     D:4: 1209 daAuts
     D:6: 1038 daAuts
     D:5: 999 daAuts
     D:3: 797 daAuts
     D:1: 772 daAuts
     D:2: 503 daAuts
     D:7: 41 daAuts
  Temple: 1 daAuts
